 Dungeon Crawl Stone Soup version 0.31-a0-851-g7ff8af7976 (webtiles) character file.

Game seed: 4174854489172404298

425 Pixllover the Chopper (level 6, -1/53 HPs)
             Began as a Hill Orc Monk on Oct 5, 2023.
             Was an Initiate of Hepliaklqana.
             Slain by an ice beast (6 damage)
             ... on level 5 of the Dungeon.
             The game lasted 00:08:53 (3283 turns).

Pixllover the Chopper (Hill Orc Monk)               Turns: 3283, Time: 00:08:53

Health: -1/53      AC:  6    Str: 16    XL:     6   Next: 96%
Magic:  7/7        EV: 10    Int: 10    God:    Hepliaklqana [......]
Gold:   302        SH:  0    Dex: 13    Spells: 5/5 levels left

rFire   . . .        c - +0 war axe
rCold   . . .        d - orb {light}
rNeg    . . .        n - +0 scale mail
rPois   .            (no helmet)
rElec   .            (no cloak)
rCorr   .            (no gloves)
SInv    .            (no boots)
Will    .....        (no amulet) Stlth
                     (no ring)
HPRegen 0.28/turn    (no ring)
MPRegen 0.10/turn

%: no passive effects
@: glowing
A: no striking features
a: Renounce Religion


You were on level 5 of the Dungeon.
You worshipped Hepliaklqana.
Hepliaklqana was noncommittal.
You visited 2 branches of the dungeon, and saw 6 of its levels.

You collected 302 gold pieces.

Inventory:

Hand Weapons
 c - a +0 war axe (weapon)
 l - a +2 mace of draining
Missiles
 h - 8 poisoned darts
 i - 11 atropa-tipped darts (quivered)
Armour
 d - an orb of light (worn)
 n - a +0 scale mail (worn)
Scrolls
 b - 2 scrolls of identify
 e - 4 scrolls of teleportation
 m - a scroll of immolation {unknown}
 o - a scroll of vulnerability {unknown}
 q - a scroll of fear
 r - a scroll of enchant weapon {unknown}
Potions
 a - a potion of degeneration {unknown}
 f - a potion of attraction
 g - 3 potions of curing
 j - a potion of enlightenment {unknown}
 k - a potion of berserk rage {unknown}
 p - 3 potions of heal wounds


   Skills:
 + Level 4.7 Fighting
 + Level 5.3(6.0) Axes
 + Level 3.3(4.4) Maces & Flails
 + Level 3.1 Armour
 + Level 3.4 Dodging
 + Level 0.5 Stealth
 * Level 2.0 Invocations


You had 5 spell levels left.
You didn't know any spells.
Your spell library contained the following spells:

 Spells                   Type           Power      Damage    Failure   Level
 Summon Small Mammal      Summ           0%         N/A       80%         1
 Call Canine Familiar     Summ           0%         N/A       99%         3
 Summon Guardian Golem    Hex/Summ       0%         N/A       99%         3


Dungeon Overview and Level Annotations

Branches:
Dungeon (5/15)             Temple (1/1) D:5

Altars:
Ashenzari
Cheibriados
Dithmenos
Elyvilon
Fedhas
Gozag
Hepliaklqana
Kikubaaqudgha
Makhleb
Okawaru
Qazlal
Ru
Sif Muna
Trog
Uskayaw
Vehumet
Xom
Yredelemnul
Zin
The Shining One

Shops:
D:2 (


Message History

The hound bites you but does no damage.
The phantom hits you but does no damage.
You closely miss the hound.
The hound is almost dead.
You hit the phantom. The hound bites you. The phantom barely misses you.
The hound bites you but does no damage.
You slash the phantom!
The phantom is moderately damaged.
You slash the hound!
You kill the hound!
The phantom barely misses you.
Your Invocations skill increases to level 2!
You closely miss the phantom.
The phantom is moderately damaged.
The phantom closely misses you.
The ice beast attacks as it pursues you!
The ice beast hits you but does no damage.
The phantom attacks as it pursues you! The phantom barely misses you.
You slash the ice beast!
The ice beast is moderately wounded.
You barely miss the phantom. The ice beast hits you. The ice beast freezes you!
The phantom misses you. The ice beast barely misses you. The phantom hits you.
The phantom blinks!
You blink.
You barely miss the phantom.
The phantom is moderately damaged.
The phantom barely misses you.
You hit the phantom but do no damage.
The phantom is moderately damaged.
The phantom closely misses you. The phantom attacks as it pursues you!
The phantom hits you but does no damage.
The ice beast hits you. The ice beast freezes you!
* * * LOW HITPOINT WARNING * * *
The ice beast attacks as it pursues you!
The ice beast barely misses you.
The ice beast attacks as it pursues you!
The ice beast hits you.
* * * LOW HITPOINT WARNING * * *
The ice beast freezes you.
You die...

.# #.......#..#.....##..... ##
#.......##.#........#
####.......##.#........######
..##.......##.#.....##......#####
...........##.#.....####.........
...........##...##### #.........
#.......#####..## #.........
....##.........#### #.........
...##......###..@.## #####.####
#..##.#....# ####Y.##### #.#
...... .#...##....W....# #.#
...... .##...#.........# #.#
........###............# ###.#
............†..........# #...#
......†#.........# #.###
.....#...........# #.# .#..
##..........###.#


You could see an ice beast and a phantom.

Vanquished Creatures
  An ogre (D:4)
  A centaur zombie (D:3)
  4 hounds
  A sleepcap (D:5)
  2 orc wizards (D:4)
  An adder (D:3)
  2 white imps (D:5)
  An ufetubus (D:4)
  2 adder skeletons (D:3)
  4 dart slugs
  3 orcs (D:4)
  9 ball pythons
  7 bats
  4 endoplasms (D:1)
  A giant cockroach (D:4)
  5 goblins
  4 hobgoblins
  4 jackals (D:1)
  5 quokkas
  A ball python skeleton (D:3)
  3 frilled lizards
  9 kobolds
  3 rats
77 creatures vanquished.

Vanquished Creatures (collateral kills)
  2 orcs (D:4)
2 creatures vanquished.

Vanquished Creatures (others)
  3 orc zombies (D:4)
  A quokka zombie (D:4)
4 creatures vanquished.

Grand Total: 83 creatures vanquished

Notes
Turn   | Place    | Note
-------+----------+-------------------------------------------
     0 | D:1      | Pixllover the Hill Orc Monk began the quest for the Orb.
     0 | D:1      | Reached XP level 1. HP: 19/19 MP: 1/1
   138 | D:1      | Reached XP level 2. HP: 27/27 MP: 2/2
   298 | D:1      | Reached XP level 3. HP: 28/33 MP: 3/3
   633 | D:2      | Found Yhifuf's Weapon Emporium.
   753 | D:2      | Found a faded altar of an unknown god.
  1098 | D:2      | Reached skill level 5 in Axes
  1303 | D:3      | Reached XP level 4. HP: 39/40 MP: 4/4
  1691 | D:3      | Reached skill level 1 in Armour
  1735 | D:3      | Reached skill level 1 in Maces & Flails
  1784 | D:3      | Found a basalt altar of Yredelemnul.
  1793 | D:3      | Became a worshipper of Yredelemnul the Dark
  1793 | D:3      | Reached * piety under Yredelemnul
  1793 | D:3      | Reached ** piety under Yredelemnul
  1993 | D:4      | Reached XP level 5. HP: 45/47 MP: 5/5
  2251 | D:4      | Noticed an ogre
  2263 | D:4      | Reached XP level 6. HP: 37/53 MP: 6/6
  2266 | D:4      | Reached skill level 1 in Invocations
  2857 | D:5      | Entered Level 5 of the Dungeon
  2905 | D:5      | Found a white marble altar of Elyvilon.
  3064 | D:5      | Found a staircase to the Ecumenical Temple.
  3079 | Temple   | Entered the Ecumenical Temple
  3188 | Temple   | Fell from the grace of Yredelemnul
  3188 | Temple   | Became a worshipper of Hepliaklqana the Forgotten
  3269 | D:5      | Noticed an ice beast
  3283 | D:5      | Slain by an ice beast

Illustrated notes

Levels and vault maps discovered:
D:1:      wander_arrival_desolate, layout_basic, serial_rivers,
          chequers_serial_rivers_micro_d, chequers_serial_rivers_small_b,
          chequers_serial_rivers_room_a, chequers_serial_rivers_micro_a
D:2:      layout_loops_ring, serial_shops, shop,
          hellmonk_ecumenical_altar_arch_garden
D:3:      layout_loops_ring, mainiacjoe_overflow_boulevard, serial_undead,
          serial_undead_b, serial_undead_c, serial_undead_b, serial_undead_d,
          dreamdust_wishing_well
D:4:      layout_loops_ring
D:5:      layout_rooms, mainiacjoe_overflow_alcove_2, general_overflow_altar,
          minmay_temple_entry_junction
Temple:   dpeg_five_rooms_temple

Skill      XL: |  1  2  3  4  5  6 |
---------------+-------------------+-----
Fighting       | 4 |  4.7
Axes           | 5 |  5.3
Armour         | 2 3 |  3.1
Dodging        | 3 |  3.4
Maces & Flails | 1 2 3 |  3.3
Invocations    | 2 |  2.0
Stealth        | |  0.5

Action                     |  1- 3 |  4- 6 || total
---------------------------+-------+-------++-------
  Melee: Hand axe          |    92 |       ||    92
         Mace              |    10 |    66 ||    76
         War axe           |       |    41 ||    41
 Invoke: Recall Undead Har |       |     2 ||     2
    Use: Scroll            |       |     5 ||     5
         Potion            |       |     3 ||     3
 Armour: Robe              |     6 |       ||     6
         Ring mail         |    84 |     6 ||    90
         Scale mail        |       |   102 ||   102
  Dodge: Dodged            |    97 |    93 ||   190

Table legend: (Time is in decaauts)
 A = Elapsed time spent in this place.
 B = Non-inter-level travel time spent in this place.
 C = Inter-level travel time spent in this place.
 D = Time resting spent in this place.
 E = Time spent auto-exploring this place.
 F = Levels seen in this place.
 G = Mean time per level.
                   A        B        C        D        E       F      G
               +--------+--------+--------+--------+--------+-----+--------+
         Total |   3320 |   3125 |    195 |      0 |   1951 |   6 |  553.3 |
       Dungeon |   3159 |   3069 |     90 |      0 |   1909 |   5 |  631.8 |
        Temple |    160 |     55 |    105 |      0 |     42 |   1 |  160.0 |
               +--------+--------+--------+--------+--------+-----+--------+

Top non-repeatable levels by time:
     D:4: 869 daAuts
     D:3: 727 daAuts
     D:2: 654 daAuts
     D:1: 637 daAuts
     D:5: 271 daAuts
  Temple: 160 daAuts
